Map: [ESL] Royal Blood

Players

Cyan

  • Race: Protoss Protoss
  • Spawn Location: 1:00

Jieshi - Winner!

  • Race: Protoss Protoss
  • Spawn Location: 7:00

Event: ESL SC2 Masters 2023 Summer (Regionals)

VOD

Have the link to the VOD?

Description

Time

  • Played on: May 19, 2023, 10:06 a.m.
  • Length: 7:41

All games in this series

Show
View Real Time Build Order
Export as new Build Order

Cyan Protoss 

Build Orders:  

Get SALT Encoding   

  12  0:00  Probe  
  13  0:12  Probe  
  14  0:17  Pylon  
  14  0:24  Probe (Chrono Boost)  
  15  0:37  Probe (Chrono Boost), Gateway  
  16  0:44  Probe (Chrono Boost)  
  16  0:46  Assimilator  
  17  0:51  Probe  
  17  0:54  Assimilator  
  18  1:03  Probe (Chrono Boost)  
  19  1:07  Gateway  
  19  1:14  Probe (Chrono Boost)  
  20  1:18  Probe (Chrono Boost)  
  21  1:27  Cybernetics Core  
  21  1:29  Probe  
  21  1:32  Pylon  
  22  1:41  Probe  
  23  1:53  Probe  
  24  2:02  Stalker  
  24  2:03  Warp Gate, Stalker  
  28  2:08  Pylon  
  29  2:18  Shield Battery  
  29  2:25  Pylon  
  29  2:32  Stalker  
  29  2:33  Stalker  
  33  2:41  Robotics Facility  
  32  2:47  Gateway  
  32  3:00  Shield Battery  
  32  3:02  Stalker  
  32  3:05  Stalker  
  36  3:12  Pylon  
  36  3:13  Shield Battery  
  35  3:28  Warp Prism (Chrono Boost)  
  37  3:47  Pylon  
  37  3:54  Stalker x2  
  41  3:56  Stalker  
  41  3:59  Observer  
  44  4:04  Pylon  
  44  4:07  Probe  
  45  4:22  Immortal (Chrono Boost)  
  49  4:31  Shield Battery  
  49  4:33  Sentry  
  49  4:45  Stalker  
  49  4:52  Pylon  
  51  5:00  Immortal (Chrono Boost)  
  45  5:18  Sentry  
  47  5:21  Adept x2  
  51  5:32  Warp Prism (Chrono Boost)  
  51  5:50  Stalker x2  
  55  6:06  Stalker  
  55  6:11  Probe  
  58  6:25  Nexus  
  58  6:32  Twilight Council  
  58  6:36  Probe  
  59  6:47  Adept  
  59  6:48  Probe  
  60  7:03  Shield Battery  
  60  7:08  Sentry  
  60  7:09  Shield Battery  
  60  7:11  Pylon  
  54  7:24  Adept  
  54  7:25  Adept  
  48  7:35  Adept  
Show
View Real Time Build Order
Export as new Build Order

Jieshi Protoss - Winner!

Build Orders:  

Get SALT Encoding   

  12  0:00  Probe  
  13  0:12  Probe  
  14  0:17  Pylon  
  14  0:24  Probe (Chrono Boost)  
  15  0:37  Probe (Chrono Boost), Gateway  
  16  0:43  Probe (Chrono Boost)  
  16  0:46  Assimilator  
  17  0:51  Probe  
  17  0:54  Assimilator  
  18  1:03  Probe (Chrono Boost)  
  19  1:08  Gateway  
  19  1:13  Probe (Chrono Boost)  
  20  1:18  Probe (Chrono Boost)  
  20  1:24  Cybernetics Core  
  21  1:29  Probe  
  21  1:32  Pylon  
  22  1:41  Probe  
  23  1:53  Probe  
  24  2:00  Warp Gate  
  24  2:01  Adept x2  
  24  2:05  Pylon  
  28  2:22  Robotics Facility  
  28  2:31  Stalker x2  
  31  2:49  Gateway  
  31  3:06  Sentry  
  31  3:08  Immortal (Chrono Boost)  
  37  3:21  Pylon  
  35  3:37  Warp Prism (Chrono Boost)  
  35  3:39  Pylon  
  35  3:48  Stalker x2  
  35  3:49  Sentry  
  41  4:15  Stalker x3  
  47  4:25  Observer  
  48  4:32  Probe  
  49  4:44  Probe  
  50  4:47  Nexus  
  50  4:58  Immortal (Chrono Boost)  
  54  5:18  Pylon  
  54  5:22  Probe  
  55  5:30  Twilight Council  
  55  5:36  Probe, Observer  
  55  5:42  Adept x3  
  60  6:02  Probe x2  
  60  6:03  Shield Battery  
  62  6:05  Resonating Glaives (Chrono Boost), Shield Battery  
  62  6:14  Observer (Chrono Boost)  
  62  6:22  Adept  
  62  6:23  Adept x2  
  66  6:27  Probe x2  
  68  6:39  Probe x2  
  70  6:43  Adept x3  
  76  7:04  Stalker  
  77  7:13  Zealot  
  77  7:14  Zealot  
  68  7:36  Stalker  
  68  7:37  Stalker  
Tags
 
Add a new tag
Caveats
  • Supply blocks, unpowered buildings, or Contaminate may cause inaccurate times.
  • Supply counts are checked every 10 seconds.